BSA
VISTA PANTHERS @ EL DORADO OILERS
06/30/2027
 
TOP OF THE 1ST
Vista Panthers batting - Pitching for Birmingham Steeldogs : RHP Barton Johnson
Pitching: RHP Barton Johnson
Batting: RHB Phil Matthews 0-0: Called Strike
0-1: Ball
1-1: Ball
2-1: Ball
3-1: Foul Ball, location: 2F
3-2: SINGLE (Line Drive, 6MD)
Batting: LHB Patrick Osborne 0-0: Foul Ball, location: 2F
0-1: Foul Ball, location: 2F
0-2: Ball
1-2: Foul Ball, location: 2F
1-2: Strikes out swinging
Batting: RHB Justin Burgess 0-0: Called Strike
0-1: Ball
1-1: Ball
2-1: Ball
3-1: Called Strike
3-2: Foul Ball, location: 2F
3-2: Foul Ball, location: 2F
3-2: Base on Balls
Phil Matthews to second
Batting: LHB Donovan Bird 0-0: Foul Ball, location: 2F
0-1: Ball
1-1: Swinging Strike
1-2: Strikes out looking
Batting: SHB Mark Wells 0-0: DOUBLE (Line Drive, 8RXD)
Phil Matthews scores
Justin Burgess to third
Runner from 3rd tries for Home, throw and OUT!
Top of the 1st over - 1 run(s), 2 hit(s), 0 error(s), 1 left on base; Vista 1 - Birmingham 0
BOTTOM OF THE 1ST
Birmingham Steeldogs batting - Pitching for Vista Panthers : RHP Dave Jackson
Pitching: RHP Dave Jackson
Batting: RHB Nick Webb 0-0: Called Strike
0-1: Foul Ball, location: 2F
0-2: Strikes out swinging
Batting: RHB Carlos García 0-0: Ball
1-0: SINGLE (Groundball, 4MD)
Batting: LHB Chris Miller 0-0: Ball
1-0: Ball
2-0: Fly out, F7 (Flyball, 78D)
Batting: RHB Valentín Borges 0-0: Swinging Strike
0-1: Foul Ball, location: 2F
0-2: Ball
1-2: Strikes out looking
Bottom of the 1st over - 0 run(s), 1 hit(s), 0 error(s), 1 left on base; Vista 1 - Birmingham 0
TOP OF THE 2ND
Vista Panthers batting - Pitching for Birmingham Steeldogs : RHP Barton Johnson
Batting: RHB Cisco Gatán 0-0: Ball
1-0: Ball
2-0: Foul Ball, location: 2F
2-1: Foul Ball, location: 2F
2-2: Ball
3-2: DOUBLE (Line Drive, 78XD)
Batting: LHB Brent Alonzo 0-0: Swinging Strike
0-1: DOUBLE (Line Drive, 7D)
Cisco Gatán scores
Batting: LHB Francisco Marino 0-0: Called Strike
0-1: Foul Ball, location: 2F
0-2: Strikes out swinging
Batting: RHB Roberto Cruz 0-0: Ball
1-0: Ball
2-0: SINGLE (Line Drive, 5)
Brent Alonzo to third
Batting: RHB Phil Matthews 0-0: Ball
1-0: Foul Ball, location: 2F
1-1: Foul Ball, location: 2F
1-2: Ball
2-2: Grounds into double play, 6-4-3 (Groundball, 6M)
Top of the 2nd over - 1 run(s), 3 hit(s), 0 error(s), 1 left on base; Vista 2 - Birmingham 0
BOTTOM OF THE 2ND
Birmingham Steeldogs batting - Pitching for Vista Panthers : RHP Dave Jackson
Batting: LHB José Hernández 0-0: Called Strike
0-1: Ball
1-1: Fly out, F8 (Flyball, 8LM)
Batting: RHB Sixto Vélez 0-0: Foul Ball, location: 2F
0-1: Ball
1-1: Called Strike
1-2: Strikes out swinging
Batting: LHB José Rivera 0-0: Ball
1-0: Called Strike
1-1: Ground out 4-3 (Groundball, 4)
Bottom of the 2nd over - 0 run(s), 0 hit(s), 0 error(s), 0 left on base; Vista 2 - Birmingham 0
TOP OF THE 3RD
Vista Panthers batting - Pitching for Birmingham Steeldogs : RHP Barton Johnson
Batting: LHB Patrick Osborne 0-0: Called Strike
0-1: Ground out 3-1 (Groundball, 34)
Batting: RHB Justin Burgess 0-0: Foul Ball, location: 2F
0-1: Ball
1-1: Ball
2-1: Swinging Strike
2-2: Foul Ball, location: 2F
2-2: Strikes out swinging
Batting: LHB Donovan Bird 0-0: Ball
1-0: Swinging Strike
1-1: Ground out 4-3 (Groundball, 4)
Top of the 3rd over - 0 run(s), 0 hit(s), 0 error(s), 0 left on base; Vista 2 - Birmingham 0
BOTTOM OF THE 3RD
Birmingham Steeldogs batting - Pitching for Vista Panthers : RHP Dave Jackson
Batting: SHB Orlando Aguilar 0-0: Called Strike
0-1: Called Strike
0-2: Ball
1-2: Ground out U3 (Groundball, 3)
Batting: RHB José Carlos Caraballo 0-0: Called Strike
0-1: Foul Ball, location: 2F
0-2: Foul Ball, location: 2F
0-2: TRIPLE (Line Drive, 89S)
Batting: RHB Nick Webb 0-0: Ball
1-0: Swinging Strike
1-1: Ground out 5-3 (Groundball, 56)
Batting: RHB Carlos García 0-0: Foul Ball, location: 2F
0-1: Ball
1-1: Ball
2-1: Foul Ball, location: 2F
2-2: Foul Ball, location: 2F
2-2: Foul Ball, location: 2F
2-2: Fly out, F3 (Line Drive, 3L)
Bottom of the 3rd over - 0 run(s), 1 hit(s), 0 error(s), 1 left on base; Vista 2 - Birmingham 0
TOP OF THE 4TH
Vista Panthers batting - Pitching for Birmingham Steeldogs : RHP Barton Johnson
Batting: SHB Mark Wells 0-0: Swinging Strike
0-1: Ball
1-1: Ball
2-1: Foul Ball, location: 2F
2-2: Strikes out swinging
Batting: RHB Cisco Gatán 0-0: Fly out, F7 (Flyball, 78M)
Batting: LHB Brent Alonzo 0-0: Ball
1-0: Ground out 4-3 (Groundball, 4)
Top of the 4th over - 0 run(s), 0 hit(s), 0 error(s), 0 left on base; Vista 2 - Birmingham 0
BOTTOM OF THE 4TH
Birmingham Steeldogs batting - Pitching for Vista Panthers : RHP Dave Jackson
Batting: LHB Chris Miller 0-0: Fly out, F8 (Line Drive, 8RXD)
Batting: RHB Valentín Borges 0-0: Called Strike
0-1: Ball
1-1: Ground out 1-3 (Groundball, 13S)
Batting: LHB José Hernández 0-0: Foul Ball, location: 2F
0-1: Foul Ball, location: 2F
0-2: Foul Ball, location: 2F
0-2: Foul Ball, location: 2F
0-2: Ball
1-2: Foul Ball, location: 2F
1-2: Ball
2-2: Fly out, F8 (Flyball, 8LM)
Bottom of the 4th over - 0 run(s), 0 hit(s), 0 error(s), 0 left on base; Vista 2 - Birmingham 0
TOP OF THE 5TH
Vista Panthers batting - Pitching for Birmingham Steeldogs : RHP Barton Johnson
Batting: LHB Francisco Marino 0-0: Called Strike
0-1: Swinging Strike
0-2: Ball
1-2: Ball
2-2: Strikes out swinging
Batting: RHB Roberto Cruz 0-0: Called Strike
0-1: Ground out 5-3 (Groundball, 56)
Batting: RHB Phil Matthews 0-0: Ball
1-0: Fly out, F6 (Popup, 6D)
Top of the 5th over - 0 run(s), 0 hit(s), 0 error(s), 0 left on base; Vista 2 - Birmingham 0
BOTTOM OF THE 5TH
Birmingham Steeldogs batting - Pitching for Vista Panthers : RHP Dave Jackson
Batting: RHB Sixto Vélez 0-0: Ground out 5-3 (Groundball, 56)
Batting: LHB José Rivera 0-0: Ground out U3 (Groundball, 34)
Batting: SHB Orlando Aguilar 0-0: Ball
1-0: Ground out 6-3 (Groundball, 56D)
Bottom of the 5th over - 0 run(s), 0 hit(s), 0 error(s), 0 left on base; Vista 2 - Birmingham 0
TOP OF THE 6TH
Vista Panthers batting - Pitching for Birmingham Steeldogs : RHP Barton Johnson
Batting: LHB Patrick Osborne 0-0: Ball
1-0: SINGLE (Line Drive, 78S)
Batting: RHB Justin Burgess 0-0: Called Strike
0-1: Foul Ball, location: 2F
0-2: Ball
1-2: Ball
2-2: SINGLE (Line Drive, 56D)
Patrick Osborne to second
Batting: LHB Donovan Bird 0-0: Foul Ball, location: 2F
0-1: Ball
1-1: Fielders Choice at 2nd, 6-4 (Groundball, 6)
Patrick Osborne to third
Batting: SHB Mark Wells 0-0: Called Strike
0-1: Foul Ball, location: 2F
0-2: SINGLE (Groundball, 56D)
Patrick Osborne scores
Donovan Bird to second
Batting: RHB Cisco Gatán 0-0: Ball
1-0: Ball
Wild Pitch!
Donovan Bird to third
Mark Wells to second
2-0: Called Strike
2-1: Ball
3-1: Reached on error, E6 (Groundball, 6)
Donovan Bird scores
Mark Wells to third
Batting: LHB Brent Alonzo 0-0: Called Strike
0-1: Foul Ball, location: 2F
0-2: Foul Ball, location: 2F
0-2: Foul Ball, location: 2F
0-2: Ball
1-2: Foul Ball, location: 2F
1-2: Fielders Choice at 2nd, 1-6 (Groundball, 13S)
Batting: LHB Francisco Marino 0-0: Fielders Choice at 2nd, 4-6 (Groundball, 4)
Top of the 6th over - 2 run(s), 3 hit(s), 1 error(s), 1 left on base; Vista 4 - Birmingham 0
BOTTOM OF THE 6TH
Birmingham Steeldogs batting - Pitching for Vista Panthers : RHP Dave Jackson
Batting: RHB José Carlos Caraballo 0-0: Ball
1-0: Foul Ball, location: 2F
1-1: Ball
2-1: Foul Ball, location: 2F
2-2: Ball
3-2: Foul Ball, location: 2F
3-2: Ground out 6-3 (Groundball, 6)
Batting: RHB Nick Webb 0-0: Swinging Strike
0-1: Ground out U3 (Groundball, 34)
Batting: RHB Carlos García 0-0: Called Strike
0-1: Ball
1-1: Fly out, F9 (Flyball, 9LSF)
Bottom of the 6th over - 0 run(s), 0 hit(s), 0 error(s), 0 left on base; Vista 4 - Birmingham 0
TOP OF THE 7TH
Vista Panthers batting - Pitching for Birmingham Steeldogs : RHP Barton Johnson
Batting: RHB Roberto Cruz 0-0: Foul Ball, location: 2F
0-1: Ball
1-1: Fly out, F7 (Flyball, 7LM)
Batting: RHB Phil Matthews 0-0: Foul Ball, location: 2F
0-1: Called Strike
0-2: Foul Ball, location: 2F
0-2: Ball
1-2: TRIPLE (Line Drive, 78M)
Batting: LHB Patrick Osborne 0-0: Intentional Walk
Pitching: RHP Rick Grant
Batting: RHB Justin Burgess 0-0: Called Strike
0-1: Ball
1-1: Ball
2-1: Ball
3-1: Fly out, F8 (Flyball, 8RS)
Batting: LHB Donovan Bird 0-0: Swinging Strike
0-1: Ball
1-1: Foul Ball, location: 2F
1-2: Strikes out looking
Top of the 7th over - 0 run(s), 1 hit(s), 0 error(s), 2 left on base; Vista 4 - Birmingham 0
BOTTOM OF THE 7TH
Birmingham Steeldogs batting - Pitching for Vista Panthers : RHP Dave Jackson
Batting: LHB Chris Miller 0-0: Ball
1-0: Ball
2-0: Called Strike
2-1: Ball
3-1: Base on Balls
Batting: RHB Valentín Borges 0-0: Ball
1-0: Ball
2-0: Foul Ball, location: 2F
2-1: Foul Ball, location: 2F
2-2: DOUBLE (Line Drive, 89D)
Chris Miller to third
Batting: LHB José Hernández 0-0: Ball
1-0: Foul Ball, location: 2F
1-1: Foul Ball, location: 2F
1-2: Ball
2-2: Fly out, F8 (Flyball, 8RD)
Runner from 3rd tags up, SCORES, no throw
Pitching: RHP Mitsunari Taguchi
Batting: RHB Sixto Vélez 0-0: Ball
1-0: Ball
2-0: Ball
3-0: Called Strike
3-1: Base on Balls
Pitching: LHP Mario Tobías
Batting: LHB José Rivera 0-0: Ball
1-0: Foul Ball, location: 2F
1-1: Called Strike
1-2: Foul Ball, location: 2F
1-2: Strikes out looking
Pitching: RHP Scotty Johnson
Batting: SHB Orlando Aguilar 0-0: SINGLE (Groundball, 6MD)
Valentín Borges to third
Sixto Vélez to second
Runner from 3rd tries for Home, SAFE, no throw
Pinch Hitting: LHB Ashley Pickhills 0-0: Ball
1-0: Ball
2-0: Called Strike
2-1: Ball
3-1: Called Strike
3-2: SINGLE (Groundball, 4MD)
Sixto Vélez to third
Orlando Aguilar to second
Sixto Vélez scores
Orlando Aguilar to third
Batting: RHB Nick Webb 0-0: Ball
1-0: Foul Ball, location: 2F
1-1: Called Strike
1-2: Ground out 5-3 (Groundball, 56S)
Bottom of the 7th over - 3 run(s), 3 hit(s), 0 error(s), 2 left on base; Vista 4 - Birmingham 3
TOP OF THE 8TH
Vista Panthers batting - Pitching for Birmingham Steeldogs : RHP Rick Grant
Now in RF: Ashley Pickhills
Batting: SHB Mark Wells 0-0: Swinging Strike
0-1: SINGLE (Line Drive, 89S)
Batting: RHB Cisco Gatán 0-0: Sac Bunt - play at first, batter OUT! 1-4
Mark Wells to second
Batting: LHB Brent Alonzo 0-0: Intentional Walk
Batting: LHB Francisco Marino 0-0: Ball
1-0: Swinging Strike
1-1: Foul Ball, location: 2F
1-2: Ball
2-2: Foul Ball, location: 2F
2-2: Foul Ball, location: 2F
2-2: Foul Ball, location: 2F
2-2: Ball
3-2: Foul Ball, location: 2F
3-2: Foul Ball, location: 2F
3-2: Foul Ball, location: 2F
3-2: Foul Ball, location: 2F
3-2: Base on Balls
Mark Wells to third
Brent Alonzo to second
Batting: RHB Roberto Cruz 0-0: Ball
1-0: Called Strike
1-1: Ball
2-1: Ball
3-1: Called Strike
3-2: Strikes out swinging
Batting: RHB Phil Matthews 0-0: Ball
1-0: Fielders Choice at 2nd, 6-4 (Groundball, 6)
Top of the 8th over - 0 run(s), 1 hit(s), 0 error(s), 2 left on base; Vista 4 - Birmingham 3
BOTTOM OF THE 8TH
Birmingham Steeldogs batting - Pitching for Vista Panthers : RHP Scotty Johnson
Batting: RHB Carlos García 0-0: Swinging Strike
0-1: Ball
1-1: Ball
2-1: Ball
3-1: Foul Ball, location: 2F
3-2: Ground out 5-3 (Groundball, 56S)
Batting: LHB Chris Miller 0-0: Called Strike
0-1: Single, Error in OF, E9, batter to second base
Batting: RHB Valentín Borges 0-0: 2-RUN HOME RUN (Line Drive, 78XD), Distance : 403 ft
Pitching: RHP José Betancourt
Batting: LHB José Hernández 0-0: Fly out, F7 (Flyball, 7S)
Batting: RHB Sixto Vélez 0-0: Ball
1-0: Ball
2-0: Called Strike
2-1: Fly out, F4 (Popup, 4)
Bottom of the 8th over - 2 run(s), 2 hit(s), 1 error(s), 0 left on base; Vista 4 - Birmingham 5
TOP OF THE 9TH
Vista Panthers batting - Pitching for Birmingham Steeldogs : RHP Rick Grant
Pitching: RHP Mitch Brown
Batting: LHB Patrick Osborne 0-0: Foul Ball, location: 2F
0-1: Foul Ball, location: 2F
0-2: DOUBLE (Line Drive, 8LXD)
Pinch Hitting: RHB John Mendelson 0-0: Foul Ball, location: 2F
0-1: Hit by Pitch
Batting: LHB Donovan Bird 0-0: Swinging Strike
0-1: Ball
1-1: Called Strike
1-2: Ball
2-2: Fielders Choice at 2nd, 3-6 (Groundball, 34)
Patrick Osborne to third
Batting: SHB Mark Wells 0-0: Ball
1-0: Foul Ball, location: 2F
1-1: Ball
2-1: Foul Ball, location: 2F
2-2: Ball
3-2: Fielders Choice at 2nd, 6-4 (Groundball, 6M)
Patrick Osborne scores
Batting: RHB Cisco Gatán 0-0: Ball
1-0: Ball
Mark Wells steals 2nd base
2-0: Called Strike
2-1: Foul Ball, location: 2F
2-2: Ball
3-2: Ground out 6-3 (Groundball, 6S)
Top of the 9th over - 1 run(s), 1 hit(s), 0 error(s), 1 left on base; Vista 5 - Birmingham 5
BOTTOM OF THE 9TH
Birmingham Steeldogs batting - Pitching for Vista Panthers : RHP José Betancourt
Pitching: RHP David Simpson
Now at SS: Salvador Salas
Batting: LHB José Rivera 0-0: Swinging Strike
0-1: Ground out 6-3 (Groundball, 4MS)
Batting: SHB Orlando Aguilar 0-0: Called Strike
0-1: Foul Ball, location: 2F
0-2: Ball
1-2: Ball
2-2: DOUBLE (Flyball, 89D)
Batting: LHB Ashley Pickhills 0-0: Intentional Walk
Batting: RHB Nick Webb 0-0: Ball
1-0: Foul Ball, location: 2F
1-1: Ball
2-1: SINGLE (Groundball, 34)
Orlando Aguilar to third
Ashley Pickhills to second
Runner from 3rd tries for Home, SAFE, throw made home
Thursday, March 30th, 2017 - OOTP Baseball 17.12 Build 75